 Dungeon Crawl Stone Soup version 0.16.0-17-g811c1d7 (webtiles) character file.

428 RobertPalmer the Summoner (level 6, -1/36 HPs)
             Began as an Octopode Summoner on Mar 20, 2015.
             Slain by a quasit (2 damage)
             ... summoned by Eustachio
             ... on level 4 of the Dungeon.
             The game lasted 00:08:37 (3565 turns).

RobertPalmer the Summoner (Octopode Summoner)       Turns: 3565, Time: 00:08:37

Health: -1/36      AC:  1    Str:  8    XL:     6   Next: 98%
Magic:  3/10       EV: 12    Int: 22    God:
Gold:   127        SH:  0    Dex: 14    Spells: 3 memorised, 3 levels left

rFire  . . .     SeeInvis .     i - +2 dagger (speed)
rCold  . . .     Clarity  +     (no shield)
rNeg   . . .     SustAb   .     (helmet restricted)
rPois  .         Gourm    .     n - amulet of clarity {Clar, !d}
rElec  .         Spirit   .     (no ring)
rCorr  .         Warding  .     (no ring)
rMut   .         Stasis   .     (no ring)
MR     .....                    (no ring)
Stlth  +++.......               (no ring)
                                (no ring)
                                (no ring)
                                (no ring)

@: brilliant, not resistant to hostile enchantments, fairly stealthy
A: almost no armour, amphibious, 8 rings, constrict 8, camouflage 1, gelatinous
body 1
a: no special abilities


You were on level 4 of the Dungeon.
You were hungry.

You visited 1 branch of the dungeon, and saw 4 of its levels.

You collected 127 gold pieces.

Inventory:

Hand weapons
 i - a +2 dagger of speed (weapon)
   (You took it off Ijyb on level 2 of the Dungeon)
Missiles
 p - 2 poisoned needles
Jewellery
 n - an amulet of clarity (around mantle) {Clar, !d}
   (You found it on level 2 of the Dungeon)
 s - a +5 ring of slaying {unknown}
   (You found it on level 4 of the Dungeon)
 t - an uncursed amulet of faith {unknown}
   (You took it off a kobold on level 4 of the Dungeon)
Scrolls
 j - 2 scrolls of remove curse
 k - a scroll of recharging
 r - a scroll of identify
Potions
 d - a potion of curing
 e - a potion of poison {unknown}
 g - a potion of degeneration {unknown}
 h - a potion of resistance {unknown}
 l - 2 potions of lignification {unknown}
 m - a potion of restore abilities
Books
 b - a book of Callings
Comestibles
 a - 8 fruits
 c - 2 bread rations {@e1}
 f - a meat ration {@e2}
 q - a royal jelly


   Skills:
 - Level 2.0 Dodging
 - Level 2.6 Stealth
 - Level 2.0 Spellcasting
 + Level 8.1 Summonings


You had 3 spell levels left.
You knew the following spells:

 Your Spells              Type           Power        Failure   Level  Hunger
a - Summon Small Mammal   Summ           ####         1%          1    #......
b - Call Imp              Summ           ######..     1%          2    ##.....
c - Call Canine Familiar  Summ           ######..     1%          3    ###....


Dungeon Overview and Level Annotations

Branches:
Dungeon (4/15)
 Temple: D:4-7

Altars:
Elyvilon
Kikubaaqudgha
Xom
Yredelemnul

Annotations:
D:4 exclusion: 2 slaves, Eustachio, Natasha, Pikel


Innate Abilities, Weirdness & Mutations

You cannot wear most types of armour.
You are amphibious.
You can wear up to eight rings at the same time.
You can use your tentacles to constrict many enemies at once.
Your skin changes colour to match your surroundings (Stealth).
Your rubbery body absorbs attacks (AC +1).


Message History

Natasha stares at you and mumbles some strange words.
The magic dart hits you!
You take 6 damage, and have 30/36 hp.
Eustachio shouts!
You hear a shout!
The slave is caught in a web!
A beastly little devil appears in a puff of flame.
The slave shouts!
The slave pulls away from the web.
You now have 8/10 mp.
Pikel hits your bat with a whip of freezing.
Pikel freezes your bat.
Eustachio gestures wildly while chanting.
The slave is caught in a web!
Your crimson imp completely misses Pikel.
Something barely misses your bat.
You now have 7/10 mp.
You are feeling hungry.
Your bat completely misses Pikel.
Pikel hits your bat with a whip of freezing!
Pikel freezes your bat.
Your bat dies!
Your bat's corpse disappears in a puff of smoke!
Eustachio growls, "To hell with you, honourless miscreant!"
The white imp barely misses your crimson imp.
Something closely misses your crimson imp.
Your crimson imp hits Pikel but does no damage.
You now have 4/10 mp.
Unknown command.
The slave struggles to get unstuck from the web.
You aren't carrying any items that can be evoked.
Drink which item? (? for menu, Esc to quit)
It was a potion of brilliance.
You feel clever all of a sudden.
The slave struggles to get unstuck from the web.
The slave pulls away from the web.
You swap places.
Pikel barely misses your hound.
Your hound barely misses Pikel.
Your hound bites Pikel but does no damage.
Pikel barely misses your hound.
Natasha drinks a potion.
Natasha suddenly seems more agile.
Your hound bites Pikel but does no damage.
Your hound disappears in a puff of smoke!
Natasha casts a spell.
You now have 2/10 mp.
Natasha hisses.
You hit Pikel. You grab Pikel. You constrict Pikel, but do no damage.
Your wolf bites the slave.
Pikel barely misses you. The slave hits your wolf!
Your wolf closely misses the slave.
You hit Pikel but do no damage. You constrict Pikel. Pikel closely misses you.
Your wolf bites the slave.
The slave misses your wolf.
You hit Pikel but do no damage. You constrict Pikel, but do no damage.
Your wolf bites the slave.
You hit Pikel but do no damage. You squeeze Pikel. You constrict Pikel.
Your wolf bites the slave but does no damage.
The slave closely misses your wolf. Pikel closely misses you.
Natasha gestures.
You have a terrible headache.
You hit Pikel. You constrict Pikel, but do no damage.
Your wolf bites the slave.
The slave barely misses your wolf. Pikel hits you with a whip of freezing.
Pikel freezes you.
You take 9 damage, and have 22/36 hp.
MASSIVE DAMAGE!!
You hit Pikel but do no damage. You constrict Pikel, but do no damage.
Your wolf barely misses the slave.
You hit Pikel but do no damage. You constrict Pikel.
Your wolf barely misses the slave.
Natasha mumbles some strange words.
The slave misses your wolf. Pikel hits you with a whip of freezing.
Pikel freezes you.
You take 4 damage, and have 18/36 hp.
Unknown command.
You hit Pikel. You squeeze Pikel! You constrict Pikel, but do no damage.
Your wolf bites the slave.
Eustachio casts a spell.
Eustachio blinks!
The slave misses your wolf.
Your wolf bites the slave.
You hit Pikel but do no damage. You squeeze Pikel.
You constrict Pikel, but do no damage. Pikel hits you with a whip of freezing!
* * * LOW HITPOINT WARNING * * *
Pikel freezes you.
* * * LOW HITPOINT WARNING * * *
Your wolf closely misses the slave.
You take 11 damage, and have 7/36 hp.
MASSIVE DAMAGE!!
You release your grip on Pikel.
The slave closely misses your wolf.
Your wolf barely misses the slave.
Natasha mumbles some strange words.
Your wolf bites the slave.
The slave hits your wolf.
Your wolf bites the slave.
Eustachio mumbles some strange words.
Eustachio blinks!
The white imp disappears in a puff of smoke!
The quasit barely misses you. x2
The quasit claws you.
* * * LOW HITPOINT WARNING * * *
The quasit bites you.
* * * LOW HITPOINT WARNING * * *
The quasit claws you.
* * * LOW HITPOINT WARNING * * *
The quasit claws you.
You die...

###### ..... ...
##########.####
#.../...K@.p..#
#.##.##h#5p##.....
#.##.##.#..... .
#.....h.#..####
#.##.##p#5.. ..
#.....5h#p##### ##.#
#.##..5....@55##
.....
##.###Z###..##.#.#.#
..# #'# ##......O..


You could see a spectral orc, Pikel, 3 slaves, an iron imp, a quasit and a
friendly wolf.

Vanquished Creatures
  2 worker ants
  An orc wizard (D:3)
  3 adders
  A giant mite (D:1)
  3 worms
  An adder skeleton (D:4)
  5 orcs
  12 bats
  10 goblins
  3 hobgoblins
  5 kobolds
  2 quokkas
  2 giant cockroaches
  A giant gecko (D:2)
  4 giant newts
  10 rats
65 creatures vanquished.

Vanquished Creatures (collateral kills)
  The ghost of Rayvis the Chopper, an average MiFi (D:4)
  A phantom (D:4)
  Sigmund (D:2)
  An orc wizard (D:3)
  Ijyb (D:2)
  Robin (D:2)
  An adder (D:3)
  A worm (D:2)
  A bat (D:4)
  A giant cockroach (D:1)
  4 hobgoblins
  A quokka (D:2)
  A giant gecko skeleton (D:4)
  A giant newt (D:1)
  3 goblins (D:2)
  A kobold (D:4)
  A rat (D:4)
22 creatures vanquished.

Vanquished Creatures (others)
  3 crimson imps (D:4)
  3 hounds (D:4)
  2 bats (D:4)
  A quokka (D:1)
9 creatures vanquished.

Grand Total: 96 creatures vanquished

Notes
Turn   | Place    | Note
--------------------------------------------------------------
     0 | D:1      | RobertPalmer, the Octopode Summoner, began the quest for the Orb.
     0 | D:1      | Reached XP level 1. HP: 11/11 MP: 3/3
   172 | D:1      | Reached XP level 2. HP: 17/17 MP: 2/4
   599 | D:1      | Reached XP level 3. HP: 17/21 MP: 4/6
   786 | D:2      | Reached skill level 5 in Summonings
   799 | D:2      | Learned a level 3 spell: Call Canine Familiar
   802 | D:2      | Learned a level 2 spell: Call Imp
   828 | D:2      | Noticed Robin
   834 | D:2      | Found a white marble altar of Elyvilon.
   861 | D:2      | Killed Robin
  1125 | D:2      | Reached XP level 4. HP: 25/27 MP: 0/7
  1167 | D:2      | Noticed Ijyb
  1174 | D:2      | Killed Ijyb
  1314 | D:2      | Noticed Sigmund
  1386 | D:2      | Killed Sigmund
  1386 | D:2      | Reached skill level 6 in Summonings
  1386 | D:2      | Reached XP level 5. HP: 29/31 MP: 6/9
  2305 | D:3      | Reached skill level 7 in Summonings
  2628 | D:4      | Reached XP level 6. HP: 36/36 MP: 10/10
  2790 | D:4      | Noticed Rayvis' ghost (average MiFi)
  2830 | D:4      | HP: 9/36 [Rayvis' ghost (12)]
  2857 | D:4      | Killed Rayvis' ghost
  3062 | D:4      | Noticed a phantom
  3106 | D:4      | Killed a phantom
  3106 | D:4      | Reached skill level 8 in Summonings
  3406 | D:4      | Found an ancient bone altar of Kikubaaqudgha.
  3414 | D:4      | Found a shimmering altar of Xom.
  3522 | D:4      | Noticed Eustachio
  3526 | D:4      | Noticed an ogre
  3538 | D:4      | Noticed Natasha
  3540 | D:4      | Found a basalt altar of Yredelemnul.
  3540 | D:4      | Noticed Pikel
  3540 | D:4      | Noticed a slave
  3540 | D:4      | Noticed a slave
  3540 | D:4      | Noticed a slave
  3540 | D:4      | Noticed a slave
  3562 | D:4      | HP: 8/36 [Pikel/whip of freezing (10)]
  3565 | D:4      | HP: 3/36 [quasit[Eustachio] (2)]
  3565 | D:4      | HP: 1/36 [quasit[Eustachio] (2)]
  3565 | D:4      | Slain by a quasit

Action                   |  1- 3 |  4- 6 || total
-------------------------+-------+-------++-------
Melee: Unarmed           |     6 |       ||     6
       Dagger            |    31 |   106 ||   137
       Short sword       |    21 |     3 ||    24
 Cast: Summon Small Mamm |    15 |     6 ||    21
       Call Canine Famil |     3 |    13 ||    16
       Call Imp          |     3 |    16 ||    19
  Use: Scroll            |     5 |     4 ||     9
       Potion            |     1 |     3 ||     4
 Stab: Sleeping          |     2 |     6 ||     8
       Distracted        |     1 |       ||     1
  Eat: Chunk             |     1 |    10 ||    11

Vault maps used:
D:1:      minmay_arrival_hallway, feat_on_display
D:2:      lemuel_round_altar, first_bread, uniq_sigmund, uniq_robin, uniq_iyjb
D:3:      grunt_decor_fettered
D:4:      amethyst_overflow_temple_binary, yredelemnul_forgotten_temple_becter,
          st_stairs_11, uniq_edmund, uniq_eustachio, uniq_pikel, uniq_natasha

Table legend:
 A = Turns spent in this place as a percentage of turns spent in the entire game.
 B = Non-inter-level travel turns spent in this place as a percentage of non-inter-level travel turns spent in the entire game.
 C = Inter-level travel turns spent in this place as a percentage of turns spent in this place.
 D = Turns resting spent in this place as a percentage of non-inter-level travel turns spent in this place.
 E = Turns spent auto-exploring this place as a percentage of non-inter-level travel turns spent in this place.
 F = Non-inter-level travel turns spent in this place divided by the number of levels of this place that you've seen.
                   A       B       C       D       E      F
               +-------+-------+-------+-------+-------+----------------------
         Total | 100.0 | 100.0 |   0.4 |   2.7 |   7.6 | 327.2
       Dungeon | 100.0 | 100.0 |   0.4 |   2.7 |   7.6 | 327.2
               +-------+-------+-------+-------+-------+----------------------

Table legend:
 A = Kills in this place as a percentage of kills in entire the game.
 B = Kills by you in this place as a percentage of kills by you in the entire game.
 C = Kills by friends in this place as a percentage of kills by friends in the entire game.
 D = Other kills in this place as a percentage of other kills in the entire game.
 E = Experience gained in this place as a percentage of experience gained in the entire game.
 F = Experience gained in this place divided by the number of levels of this place that you have seen.
                   A       B       C       D       E      F
               +-------+-------+-------+-------+-------+----------------------
         Total | 100.0 | 100.0 | 100.0 |  -nan | 100.0 | 153.0
       Dungeon | 100.0 | 100.0 | 100.0 |  -nan | 100.0 | 153.0
               +-------+-------+-------+-------+-------+----------------------
